 Dungeon Crawl Stone Soup version 0.27-a0-1532-gca18f49f40 (webtiles) character file.

Game seed: 12892956889006438598

463 AlmostDecent the Shield-Bearer (level 7, -2/59 HPs)
             Began as a Gnoll Fighter on July 12, 2021.
             Was a Priest of Yredelemnul.
             Slain by an orc warrior (7 damage)
             ... on level 4 of the Dungeon.
             The game lasted 00:14:45 (2626 turns).

AlmostDecent the Shield-Bearer (Gnoll Fighter)      Turns: 2626, Time: 00:14:45

Health: -2/59      AC:  9    Str: 16    XL:     7   Next: 7%
Magic:  9/9        EV:  8    Int:  8    God:    Yredelemnul [***...]
Gold:   75         SH: 10    Dex: 12    Spells: 10/10 levels left

rFire    . . .     SeeInvis .   a - +0 war axe
rCold    . . .     Faith    .   c - +0 kite shield
rNeg     . . .     Spirit   .   b - +0 scale mail
rPois    .         Reflect  .   (helmet restricted)
rElec    .         Harm     .   (no cloak)
rCorr    .         Rampage  .   (no gloves)
Will     +....                  h - +0 pair of boots
Stlth    +.........             (no amulet)
HPRegen  0.19/turn              p - ring of willpower
MPRegen  0.11/turn              (no ring)

@: mirroring injuries
A: fangs 1, strong nose, distributed training, horns 1, low mp 1
a: Renounce Religion, Recall Undead Slaves, Injury Mirror, Animate Dead


You were on level 4 of the Dungeon.
You worshipped Yredelemnul.
Yredelemnul was most pleased with you.
You visited 1 branch of the dungeon, and saw 4 of its levels.

You collected 75 gold pieces.

Inventory:

Hand Weapons
 a - a +0 war axe (weapon)
Missiles
 i - 60 sling bullets
 q - 5 boomerangs (quivered)
Armour
 b - a +0 scale mail (worn)
 c - a +0 kite shield (worn)
 h - a +0 pair of boots (worn)
Jewellery
 p - a ring of willpower (left hand)
Wands
 s - a wand of digging (1)
Scrolls
 l - a scroll of fear {unknown}
 n - a scroll of enchant weapon {unknown}
 o - a scroll of acquirement {unknown}
 r - a scroll of identify {unknown}
 t - a scroll of magic mapping {unknown}
Potions
 d - a potion of cancellation {unknown}
 e - a potion of mutation
 f - 2 potions of flight {unknown}
 g - a potion of attraction {unknown}
 j - a potion of curing {unknown}
 k - a potion of brilliance {unknown}
 m - a potion of degeneration {unknown}


   Skills:
 + Level 6.9 Fighting
 + Level 2.2 Short Blades
 + Level 2.2 Long Blades
 + Level 5.1 Axes
 + Level 2.2 Maces & Flails
 + Level 2.2 Polearms
 + Level 2.2 Staves
 + Level 2.2 Slings
 + Level 2.2 Bows
 + Level 2.2 Crossbows
 + Level 2.2 Throwing
 + Level 6.9 Armour
 + Level 2.2 Dodging
 + Level 2.2 Stealth
 + Level 6.9 Shields
 + Level 2.2 Unarmed Combat
 + Level 2.2 Spellcasting
 + Level 1.8 Conjurations
 + Level 1.8 Hexes
 + Level 1.8 Summonings
 + Level 1.8 Necromancy
 + Level 1.8 Translocations
 + Level 1.8 Transmutations
 + Level 1.8 Fire Magic
 + Level 1.8 Ice Magic
 + Level 1.8 Air Magic
 + Level 1.8 Earth Magic
 + Level 1.8 Poison Magic
 + Level 2.5 Invocations
 + Level 2.2 Evocations


You had 10 spell levels left.
You didn't know any spells.
Your spell library contained the following spells:

 Spells                   Type           Power      Damage    Failure   Level
 Ozocubu's Armour         Ice            3%         N/A       99%         3
 Tukima's Dance           Hex            3%         N/A       99%         3
 Passage of Golubria      Tloc           N/A        N/A       100%        4
 Metabolic Englaciation   Hex/Ice        1%         N/A       100%        5
 Yara's Violent Unravell  Hex/Tmut       1%         3d3       100%        5
 Simulacrum               Ice/Necr       1%         N/A       100%        6


Dungeon Overview and Level Annotations

Branches:
Dungeon (4/15)
 Temple: D:4-7

Altars:
Ashenzari
Yredelemnul


Innate Abilities, Weirdness & Mutations

You have very sharp teeth.
Your uncanny sense of smell can sniff out nearby items.
Your experience applies equally to all skills.
You have a pair of small horns on your head.
Your magical capacity is low. (-10% MP)


Message History

The wyvern zombie barely misses you.
The kobold barely misses your goblin zombie.
Your goblin zombie barely misses the wyvern zombie.
The kobold hits your goblin zombie with a +0 short sword.
You closely miss the orc warrior.
The orc warrior is moderately wounded.
Your goblin zombie hits the kobold with a +0 club.
The kobold dies!
Yredelemnul accepts your kill. You block the orc warrior's attack.
The wyvern zombie barely misses your goblin zombie.
You hit the orc warrior but do no damage.
The orc warrior is moderately wounded.
You block the orc warrior's attack.
Your goblin zombie hits the orc warrior but does no damage.
The orc warrior barely misses you.
You closely miss the orc warrior.
The orc warrior is moderately wounded.
You slash the ice beast! The ice beast hits you.
* * * LOW HITPOINT WARNING * * *
The ice beast freezes you!
* * * LOW HITPOINT WARNING * * *
Your goblin zombie barely misses the orc warrior.
You block the orc warrior's attack. You block the ice beast's attack.
Your goblin zombie barely misses the orc warrior.
The wyvern zombie bites you.
* * * LOW HITPOINT WARNING * * *
Okay, then.
You offer yourself to Yredelemnul, and are filled with unholy energy.
You block the orc warrior's attack. The wyvern zombie barely misses you.
You block the ice beast's attack.
Okay, then.
It was a potion of mutation.
You feel extremely strange.
You feel more energetic.
You feel less energetic. x2
A pair of horns grows on your head!
Your goblin zombie barely misses the orc warrior.
The wyvern zombie bites you but does no damage.
The orc warrior hits you with a +0 short sword!
You die...
Your body rises from the dead as a mindless zombie.

#####...#...........(#
#.....................
#................<...#
#....................#
##....................
#.......#............#
##......#.............
#......(##...........
##..@............#..
#..YoZ.....(.###
##.).Z........#
#.).)..?.....#
................
.........##.......
...#.$.... .......
...#..........##. ..
........ ...


You could see an orc warrior (ally target), an ice beast, a wyvern zombie and a
friendly goblin zombie.

Vanquished Creatures
  Grinder (D:3)
  A scorpion (D:3)
  A hound (D:4)
  Natasha (D:3)
  Robin (D:2)
  2 adders
  An adder skeleton (D:4)
  2 worms (D:2)
  A dart slug (D:1)
  2 orcs
  4 ball pythons
  6 bats
  4 endoplasms
  2 giant cockroaches (D:2)
  14 goblins
  6 hobgoblins
  5 jackals (D:1)
  2 quokkas (D:1)
  2 frilled lizards
  2 kobolds (D:3)
  7 rats
67 creatures vanquished.

Vanquished Creatures (collateral kills)
  An iguana (D:4)
  Natasha (D:3)
  An orc (D:4)
  A bat (D:2)
  A goblin (D:4)
  A hobgoblin (D:3)
  4 jackals (D:3)
  A frilled lizard (D:3)
  A kobold (D:4)
12 creatures vanquished.

Vanquished Creatures (others)
  2 felid zombies (D:3)
  A goblin zombie (D:4)
  3 hobgoblin zombies
  A hound zombie (D:4)
  A jackal zombie (D:3)
  A kobold zombie (D:3)
  An orc zombie (D:3)
10 creatures vanquished.

Grand Total: 89 creatures vanquished

Notes
Turn   | Place    | Note
-------+----------+-------------------------------------------
     0 | D:1      | AlmostDecent the Gnoll Fighter began the quest for the Orb.
     0 | D:1      | Reached XP level 1. HP: 23/23 MP: 1/1
    90 | D:1      | Reached XP level 2. HP: 29/29 MP: 2/2
   173 | D:1      | Found a faded altar of an unknown god.
   176 | D:1      | Became a worshipper of Yredelemnul the Dark
   176 | D:1      | Reached * piety under Yredelemnul
   534 | D:2      | Reached XP level 3. HP: 35/35 MP: 3/3
   595 | D:2      | Noticed Robin
   602 | D:2      | Reached ** piety under Yredelemnul
   603 | D:2      | Reached skill level 1 in Invocations
   606 | D:2      | Killed Robin
   607 | D:2      | Reached skill level 1 in Short Blades
   607 | D:2      | Reached skill level 1 in Long Blades
   607 | D:2      | Reached skill level 1 in Maces & Flails
   607 | D:2      | Reached skill level 1 in Polearms
   607 | D:2      | Reached skill level 1 in Staves
   607 | D:2      | Reached skill level 1 in Slings
   607 | D:2      | Reached skill level 1 in Bows
   607 | D:2      | Reached skill level 1 in Crossbows
   607 | D:2      | Reached skill level 1 in Throwing
   607 | D:2      | Reached skill level 1 in Dodging
   607 | D:2      | Reached skill level 1 in Stealth
   607 | D:2      | Reached skill level 1 in Unarmed Combat
   607 | D:2      | Reached skill level 1 in Spellcasting
   607 | D:2      | Reached skill level 1 in Evocations
   608 | D:2      | Reached XP level 4. HP: 9/41 MP: 3/5
  1272 | D:3      | Noticed Natasha
  1280 | D:3      | Killed Natasha
  1281 | D:3      | Reached skill level 1 in Conjurations
  1281 | D:3      | Reached skill level 1 in Hexes
  1281 | D:3      | Reached skill level 1 in Summonings
  1281 | D:3      | Reached skill level 1 in Necromancy
  1281 | D:3      | Reached skill level 1 in Translocations
  1281 | D:3      | Reached skill level 1 in Transmutations
  1281 | D:3      | Reached skill level 1 in Fire Magic
  1281 | D:3      | Reached skill level 1 in Ice Magic
  1281 | D:3      | Reached skill level 1 in Air Magic
  1281 | D:3      | Reached skill level 1 in Earth Magic
  1281 | D:3      | Reached skill level 1 in Poison Magic
  1629 | D:3      | Noticed Natasha
  1638 | D:3      | Killed Natasha
  1639 | D:3      | Reached XP level 5. HP: 47/47 MP: 5/7
  1645 | D:3      | Your ally Natasha died
  1867 | D:3      | Your ally Natasha died
  1875 | D:3      | Noticed Grinder
  1898 | D:3      | Paralysed by Grinder for 5 turns
  1924 | D:3      | Killed Grinder
  1925 | D:3      | Reached skill level 5 in Axes
  1925 | D:3      | Reached XP level 6. HP: 33/53 MP: 7/9
  2067 | D:3      | Found a broken altar of Ashenzari.
  2606 | D:4      | Noticed an orc warrior
  2611 | D:4      | Reached XP level 7. HP: 59/59 MP: 10/10
  2613 | D:4      | Reached *** piety under Yredelemnul
  2626 | D:4      | Gained mutation: You have an increased reservoir of magic.
                  | (+10% MP) [potion of mutation]
  2626 | D:4      | Lost mutation: You have an increased reservoir of magic.
                  | (+10% MP) [potion of mutation]
  2626 | D:4      | Gained mutation: Your magical capacity is low. (-10% MP)
                  | [potion of mutation]
  2626 | D:4      | Gained mutation: You have a pair of small horns on your
                  | head. [potion of mutation]
  2626 | D:4      | Slain by an orc warrior

Illustrated notes

Levels and vault maps discovered:
D:1:      amcnicky_arrival_abandoned_market, layout_basic,
          shapermc_ecumenical_altar_venn, lemuel_old_faithful
D:2:      layout_rooms, serial_curves, eino_curves_02, eino_curves_02,
          uniq_robin
D:3:      layout_loops_ring, old_standard_altar, nrook_mini_vaults,
          uniq_natasha, uniq_grinder
D:4:      layout_cave_pools, st_stairs_4

Skill      XL: |  1  2  3  4  5 |
---------------+----------------+-----
Invocations    | 1 2 |  2.5
Short Blades   | 1 2 |  2.2
Long Blades    | 1 2 |  2.2
Maces & Flails | 1 2 |  2.2
Polearms       | 1 2 |  2.2
Staves         | 1 2 |  2.2
Slings         | 1 2 |  2.2
Bows           | 1 2 |  2.2
Crossbows      | 1 2 |  2.2
Throwing       | 1 2 |  2.2
Dodging        | 1 2 |  2.2
Stealth        | 1 2 |  2.2
Unarmed Combat | 1 2 |  2.2
Spellcasting   | 1 2 |  2.2
Evocations     | 1 2 |  2.2
Conjurations   | 1 |  1.8
Hexes          | 1 |  1.8
Summonings     | 1 |  1.8
Necromancy     | 1 |  1.8
Translocations | 1 |  1.8
Transmutations | 1 |  1.8
Fire Magic     | 1 |  1.8
Ice Magic      | 1 |  1.8
Air Magic      | 1 |  1.8
Earth Magic    | 1 |  1.8
Poison Magic   | 1 |  1.8
Axes           | 5 |  5.1
Fighting       | |  6.9
Armour         | |  6.9
Shields        | |  6.9

Action                   |  1- 3 |  4- 6 |  7- 9 || total
-------------------------+-------+-------+-------++-------
Melee: War axe           |    60 |   150 |    11 ||   221
       Bite              |     8 |    15 |       ||    23
Throw: Boomerang         |       |       |     1 ||     1
Invok: Animate Remains   |       |    17 |       ||    17
       Injury Mirror     |       |     1 |     1 ||     2
  Use: Potion            |     1 |       |     1 ||     2
Armor: Scale mail        |    39 |    68 |     7 ||   114
Dodge: Dodged            |    24 |    30 |     8 ||    62
Block: Kite shield       |    42 |    97 |    16 ||   155

Table legend: (Time is in decaauts)
 A = Elapsed time spent in this place.
 B = Non-inter-level travel time spent in this place.
 C = Inter-level travel time spent in this place.
 D = Time resting spent in this place.
 E = Time spent auto-exploring this place.
 F = Levels seen in this place.
 G = Mean time per level.
                   A        B        C        D        E       F      G
               +--------+--------+--------+--------+--------+-----+--------+
         Total |   2721 |   2552 |    169 |    252 |   1679 |   4 |  680.2 |
       Dungeon |   2721 |   2552 |    169 |    252 |   1679 |   4 |  680.2 |
               +--------+--------+--------+--------+--------+-----+--------+

Top non-repeatable levels by time:
     D:3: 1207 daAuts
     D:2: 716 daAuts
     D:1: 544 daAuts
     D:4: 252 daAuts
